 Dungeon Crawl Stone Soup version 0.30-a0-862-g1aabd4f9c5 (webtiles) character file.

Game seed: 17712085835509461163

6748 IdlyInterested the Blocker (level 10, -8/73 HPs)
             Began as a Demonspawn Fighter on Mar 8, 2023.
             Splashed by a brown ugly thing's acid (9 damage)
             ... on level 11 of the Dungeon.
             The game lasted 00:30:19 (11270 turns).

IdlyInterested the Blocker (Demonspawn Fighter)    Turns: 11270, Time: 00:30:20

Health: -8/73      AC: 12    Str: 16    XL:     10   Next: 75%
Magic:  10/10      EV:  6    Int: 10    God:
Gold:   453        SH:  8    Dex: 23    Spells: 9/9 levels left

rFire   + . .      SeeInvis .    a - +1 long sword
rCold   . . .      Faith    .    s - +0 buckler {rF+}
rNeg    . . .      Spirit   .    e - +0 plate armour
rPois   .          Reflect  .    (no helmet)
rElec   .          Rampage  .    q - +0 cloak
rCorr   .                        o - +0 pair of gloves
Will    +....                    (boots unavailable) Stlth
                                 (no amulet)
HPRegen 0.32/turn                i - +6 ring of dexterity
MPRegen 0.12/turn                z - ring of willpower

@: corroded
A: hooves 3, slimy green scales 1, powered by pain 1
a: no special abilities


You were on level 11 of the Dungeon.
You visited 2 branches of the dungeon, and saw 12 of its levels.
You also visited: Sewer.

You collected 602 gold pieces.
You spent 149 gold pieces at shops.

Inventory:

Hand Weapons
 a - a +1 long sword (weapon)
 c - a +4 dagger of draining
 n - a +0 falchion
 x - a +0 falchion
 y - a +0 falchion
 E - a +0 heavy long sword
Missiles
 g - 85 stones
 t - 38 poisoned darts (quivered)
 u - 2 curare-tipped darts
 B - 11 boomerangs
Armour
 e - a +0 plate armour (worn)
 o - a +0 pair of gloves (worn)
 q - a +0 cloak (worn)
 s - a +0 buckler of fire resistance (worn)
Jewellery
 b - a ring of protection from fire
 i - a +6 ring of dexterity (left hand)
 w - a ring of resist corrosion
 z - a ring of willpower (right hand)
 A - a ring of flight
Wands
 G - a wand of paralysis (4)
Scrolls
 h - 4 scrolls of enchant weapon
 j - 4 scrolls of blinking
 m - 8 scrolls of identify
 r - 3 scrolls of teleportation
 v - a scroll of fog
 H - a scroll of fear {unknown}
 I - a scroll of amnesia {unknown}
Potions
 d - a potion of experience
 f - 3 potions of haste
 k - 2 potions of lignification
 l - 2 potions of magic
 p - a potion of might
 C - a potion of attraction
 D - a potion of invisibility
 F - 2 potions of curing


   Skills:
 + Level 4.7 Fighting
 * Level 9.1 Long Blades
 - Level 2.0 Throwing
 - Level 4.0 Armour
 - Level 4.0 Dodging
 - Level 2.0 Stealth
 + Level 10.3 Shields
 - Level 2.0 Evocations


You had 9 spell levels left.
You didn't know any spells.
Your spell library contained the following spells:

 Spells                   Type           Power      Damage    Failure   Level
 Foxfire                  Conj/Fire      0%         2x1d4     100%        1
 Slow                     Hex            0%         N/A       100%        1
 Summon Small Mammal      Summ           0%         N/A       100%        1
 Call Canine Familiar     Summ           0%         N/A       100%        3
 Confusing Touch          Hex            0%         N/A       100%        3
 Portal Projectile        Hex/Tloc       0%         N/A       100%        3
 Summon Guardian Golem    Hex/Summ       0%         N/A       100%        3
 Tukima's Dance           Hex            0%         N/A       100%        3
 Vampiric Draining        Necr           0%         2d6       100%        3
 Blade Hands              Tmut           0%         N/A       100%        5
 Fireball                 Conj/Fire      0%         3d3       100%        5
 Starburst                Conj/Fire      0%         6d3       100%        6


Dungeon Overview and Level Annotations

Branches:
Dungeon (12/15)            Temple (1/1) D:5            Lair (0/5) D:9
  Sewer (visited)
    Orc: D:9-12

Altars:
Cheibriados
Dithmenos
Fedhas
Gozag
Kikubaaqudgha
Makhleb
Nemelex Xobeh
Okawaru
Qazlal
Ru
Sif Muna
Trog
Uskayaw
Xom
Yredelemnul

Shops:
D:3 [   D:7 *   D:9 ==([

Annotations:
D:7 2 transporters
D:9 3 runed translucent doors


Innate Abilities, Weirdness & Mutations

You have hooves in place of feet.
You are partially covered in slimy green scales. (AC +2)
You sometimes gain a little power by taking damage.


Message History

The brown ugly thing is heavily wounded.
You block the brown ugly thing's attack.
You hit the brown ugly thing but do no damage.
The brown ugly thing is moderately wounded.
The brown ugly thing barely misses you.
You hit the brown ugly thing but do no damage.
Your kick misses the brown ugly thing.
The brown ugly thing is moderately wounded.
The brown ugly thing punches you but does no damage.
You hit the brown ugly thing.
You kick the brown ugly thing, but do no damage.
The brown ugly thing is heavily wounded.
The brown ugly thing punches you but does no damage.
You slash the brown ugly thing!
The brown ugly thing is heavily wounded.
The brown ugly thing punches you but does no damage.
You slash the brown ugly thing! Your kick misses the brown ugly thing.
The brown ugly thing is severely wounded.
The brown ugly thing punches you.
You are splashed with acid!
You closely miss the brown ugly thing.
The brown ugly thing is severely wounded.
The brown ugly thing barely misses you.
You hit the brown ugly thing.
The brown ugly thing is severely wounded.
The brown ugly thing punches you.
You are splashed with acid!
* * * LOW HITPOINT WARNING * * *
You hit the brown ugly thing.
You kick the brown ugly thing, but do no damage.
The brown ugly thing is severely wounded.
The brown ugly thing punches you.
* * * LOW HITPOINT WARNING * * *
The acid corrodes you!
You are splashed with acid!
* * * LOW HITPOINT WARNING * * *
Aiming: Paralyse
Press: ? - help, Shift-Dir - straight line, f - brown ugly thing
Aim: a brown ugly thing (severely wounded, chance to affect: 37%)
The brown ugly thing easily resists.
The brown ugly thing punches you!
* * * LOW HITPOINT WARNING * * *
You are splashed with acid!
You die...

#.......#
###.....###########
#...............#
#..........>....#
#...............#
#...............#
#...............#
########........#
#....@...#
#.....u..#
#........#
#........#
#........#
#........#
#........#
+........#


You could see a brown ugly thing.

Vanquished Creatures
  Pikel (D:5)
  A kobold demonologist (D:8)
  A troll (D:6)
  2 wyverns
  13 yaks
  3 water moccasins
  An orc warrior (D:7)
  A sky beast (D:6)
  3 black bears
  An ice beast (D:5)
  An ogre (D:7)
  7 centaurs
  A phantom (D:4)
  A bullfrog (D:7)
  6 kobold brigands
  A gnoll sergeant (D:9)
  A scorpion (D:5)
  7 orc priests
  2 gnoll boudas (D:6)
  4 hounds
  2 jellies
  3 iron imps (D:5)
  3 iguanas
  4 sleepcaps
  Natasha (thrice) (D:3)
  12 orc wizards
  17 gnolls
  6 adders
  6 river rats (Sewer)
  A shadow imp (D:5)
  2 ufetubi
  A dart slug (D:2)
  39 orcs
  5 bats
  4 endoplasms
  A giant cockroach (D:4)
  3 goblins
  8 hobgoblins
  5 jackals (Sewer)
  8 quokkas
  5 ball pythons
  6 frilled lizards
  22 kobolds
  7 rats
231 creatures vanquished.

Vanquished Creatures (others)
  46 plants (Sewer)
46 creatures vanquished.

Grand Total: 277 creatures vanquished

Notes
Turn   | Place    | Note
-------+----------+-------------------------------------------
     0 | D:1      | IdlyInterested the Demonspawn Fighter began the quest for
                  | the Orb.
     0 | D:1      | Reached XP level 1. HP: 18/18 MP: 1/1
   327 | D:1      | Gained mutation: You have large cloven feet. [demonic
                  | ancestry]
   327 | D:1      | Reached XP level 2. HP: 24/24 MP: 2/2
  1495 | D:2      | Found a shimmering altar of Xom.
  1568 | D:2      | Reached skill level 1 in Throwing
  1568 | D:2      | Reached skill level 3 in Shields
  1568 | D:2      | Gained mutation: You have hoof-like feet. [demonic
                  | ancestry]
  1568 | D:2      | Reached XP level 3. HP: 26/29 MP: 3/3
  2054 | D:3      | Identified a scroll of acquirement
  2054 | D:3      | Acquired a +6 ring of dexterity
  2154 | D:3      | Gained mutation: You are partially covered in slimy green
                  | scales. (AC +2) [demonic ancestry]
  2154 | D:3      | Reached XP level 4. HP: 35/35 MP: 4/4
  2197 | D:3      | Reached skill level 1 in Dodging
  2387 | D:3      | Reached XP level 5. HP: 38/41 MP: 5/5
  2395 | D:3      | Reached skill level 4 in Shields
  2603 | D:3      | Found Kuja's Armour Emporium.
  2708 | D:3      | Noticed Natasha
  2711 | D:3      | Killed Natasha
  2913 | D:3      | Noticed Natasha
  2920 | D:3      | Killed Natasha
  2954 | D:3      | Noticed Natasha
  2963 | D:3      | Killed Natasha
  3155 | D:4      | Reached XP level 6. HP: 22/47 MP: 6/6
  3351 | D:4      | Reached skill level 5 in Shields
  3864 | D:4      | Reached XP level 7. HP: 52/52 MP: 7/7
  4632 | D:3      | Bought a +0 buckler of fire resistance for 149 gold pieces
  4675 | D:5      | Entered Level 5 of the Dungeon
  4678 | D:5      | Noticed Pikel
  4696 | D:5      | Killed Pikel
  4697 | D:5      | Reached skill level 5 in Long Blades
  4700 | D:5      | HP: 1/50 [ice beast (14)]
  4703 | D:5      | Reached XP level 8. HP: 2/58 MP: 8/8
  4711 | D:5      | HP: 2/58 [something (3)]
  4854 | D:5      | Found a staircase to the Ecumenical Temple.
  4859 | D:5      | Found a glowing drain.
  4872 | D:5      | Reached skill level 6 in Shields
  4875 | Sewer    | Entered a sewer
  5994 | Temple   | Entered the Ecumenical Temple
  6302 | D:5      | Gained mutation: You have hooves in place of feet. [demonic
                  | ancestry]
  6302 | D:5      | Reached XP level 9. HP: 42/65 MP: 9/9
  6383 | D:5      | Found a shadowy altar of Dithmenos.
  6481 | D:5      | Found a burning altar of Makhleb.
  6492 | D:5      | Reached skill level 7 in Shields
  6578 | D:5      | Found a sacrificial altar of Ru.
  6938 | D:6      | Found a stormy altar of Qazlal.
  7210 | D:6      | Noticed a troll
  7221 | D:6      | Killed a troll
  8058 | D:7      | Reached skill level 8 in Shields
  8243 | D:7      | Reached skill level 1 in Stealth
  8475 | D:7      | Found a transporter.
  8554 | D:7      | Found Zin's Purification Station.
  8600 | D:7      | Found a transporter.
  8643 | D:7      | Gained mutation: You sometimes gain a little power by
                  | taking damage. [demonic ancestry]
  8643 | D:7      | Reached XP level 10. HP: 71/71 MP: 10/10
  8869 | D:7      | Reached skill level 9 in Shields
  9694 | D:8      | Reached skill level 1 in Evocations
 10465 | D:9      | Reached skill level 10 in Shields
 10932 | D:9      | Found a staircase to the Lair.
 10934 | D:9      | Found Biatuoh's Jewellery Shoppe.
 11032 | D:9      | Found Vieqomox's Jewellery Emporium.
 11068 | D:9      | Found Awaev's Weapon Emporium.
 11086 | D:9      | Found a runed translucent gate.
 11086 | D:9      | Found a runed translucent gate.
 11086 | D:9      | Found a runed translucent gate.
 11102 | D:9      | Found Cemnoqon's Armour Boutique.
 11220 | D:9      | You fall into a shaft and drop 3 floors!
 11254 | D:11     | Noticed a brown ugly thing
 11270 | D:11     | HP: 1/73 [brown ugly thing (7)]
 11270 | D:11     | Splashed by a brown ugly thing's acid

Illustrated notes

Levels and vault maps discovered:
D:1:      saegor_arrival_fortress, layout_basic
D:2:      layout_basic, basic_altar
D:3:      layout_basic, serial_shops, nicolae_diamond_shop,
          kennysheep_cluttered_room, uniq_natasha
D:4:      layout_layer_cave, nicolae_zen_rock_garden, minmay_misc_feat_roman
D:5:      layout_basic, kennysheep_mini_moat, grunt_dithmenos_shadows,
          demons_altar, minmay_temple_entry_wispy, portal_sewer_entry_f,
          hangedman_abyss_or_decor_stagger, uniq_pikel
D:6:      layout_loops_corners, mainiacjoe_overflow_alcove_2
D:7:      gammafunk_cloud_chamber, layout_basic, zin_purify,
          minmay_parallelograms
D:8:      layout_loops_cross, hangedman_abyss_or_decor_lesser_grid
D:9:      layout_loops_ring, minitemple, lair_entry_dummy, serial_shops,
          nicolae_shop_stone, nicolae_shop_behind_doors, nicolae_lakefront_shop,
          nicolae_shop_statue_plus, gammafunk_ghost_cemetery
D:11:     layout_grid_maze, orc_0_dummy, uniq_harold
D:12:     minmay_two_paths, layout_irregular_city
Temple:   nicolae_temple_bog_church

Skill      XL: |  1  2  3  4  5  6  7  8  9 10 |
---------------+-------------------------------+-----
Armour         | 3 4 |  4.0
Long Blades    | 2 3 4 5 7 8 9 |  9.1
Throwing       | 1 2 |  2.0
Shields        | 3 4 5 6 8 10 | 10.3
Dodging        | 1 2 3 4 |  4.0
Fighting       | 4 |  4.7
Stealth        | 2 |  2.0
Evocations     | 2 |  2.0

Action                     |  1- 3 |  4- 6 |  7- 9 | 10-12 || total
---------------------------+-------+-------+-------+-------++-------
  Melee: Long sword        |    79 |   101 |   510 |   216 ||   906
         Kick              |    12 |    36 |   187 |    76 ||   311
  Throw: Stone             |    12 |     5 |     2 |       ||    19
         Dart              |       |       |    13 |    11 ||    24
  Evoke: Wand              |       |       |       |     1 ||     1
    Use: Scroll            |     8 |     5 |     3 |     3 ||    19
         Potion            |       |     1 |     7 |       ||     8
 Armour: Scale mail        |    17 |       |       |       ||    17
         Plate armour      |    36 |    67 |   301 |   105 ||   509
  Dodge: Dodged            |    24 |    23 |   100 |    42 ||   189
  Block: Buckler           |    24 |    30 |   141 |    56 ||   251

Table legend: (Time is in decaauts)
 A = Elapsed time spent in this place.
 B = Non-inter-level travel time spent in this place.
 C = Inter-level travel time spent in this place.
 D = Time resting spent in this place.
 E = Time spent auto-exploring this place.
 F = Levels seen in this place.
 G = Mean time per level.
                   A        B        C        D        E       F      G
               +--------+--------+--------+--------+--------+-----+--------+
         Total |  11519 |  10405 |   1114 |   1764 |   5822 |  13 |  886.1 |
       Dungeon |  10480 |   9390 |   1090 |   1715 |   5564 |  11 |  952.7 |
        Temple |    192 |    169 |     23 |      0 |    158 |   1 |  192.0 |
         Sewer |    846 |    846 |      0 |     49 |     99 |   1 |  846.0 |
               +--------+--------+--------+--------+--------+-----+--------+

Top non-repeatable levels by time:
     D:4: 1610 daAuts
     D:7: 1430 daAuts
     D:6: 1243 daAuts
     D:5: 1114 daAuts
     D:3: 1110 daAuts
     D:2: 1068 daAuts
     D:8: 1062 daAuts
     D:1: 1001 daAuts
   Sewer: 846 daAuts
     D:9: 790 daAuts
  Temple: 192 daAuts
    D:11: 29 daAuts
    D:12: 19 daAuts
